 Dungeon Crawl Stone Soup version 0.31.0-12-g77e489cdc1 (webtiles) character file.

Game seed: 8321286116700815646

258 Silvore the Chopper (level 5, -2/47 HPs)
             Began as a Minotaur Fighter on Mar 7, 2024.
             Was an Initiate of the Shining One.
             Slain by DarkeVoid's ghost (5 damage)
             ... on level 4 of the Dungeon.
             The game lasted 00:02:51 (2727 turns).

Silvore the Chopper (Minotaur Fighter)              Turns: 2727, Time: 00:02:52

Health: -2/47      AC:  9    Str: 23    XL:     5   Next: 94%
Magic:  4/4        EV:  9    Int:  5    God:    the Shining One [......]
Gold:   232        SH:  4    Dex:  9    Spells: 4/4 levels left

rFire   . . .        a - +0 war axe
rCold   . . .        c - +0 buckler
rNeg    . . .        b - +0 scale mail
rPois   .            (helmet restricted)
rElec   .            o - +0 cloak
rCorr   .            (no gloves)
SInv    +            i - +0 pair of boots
Will    .....        (no amulet) Stlth
                     e - ring of see invisible
HPRegen 0.27/turn    l - ring of flight
MPRegen 0.09/turn

%: no passive effects
@: mighty, flying, glowing
A: horns 2, retaliatory headbutt
a: Renounce Religion


You were on level 4 of the Dungeon.
You worshipped the Shining One.
The Shining One was noncommittal.
You visited 1 branch of the dungeon, and saw 4 of its levels.

You collected 232 gold pieces.

Inventory:

Hand Weapons
 a - a +0 war axe (weapon)
 n - the +2 short sword "Enotyt" {freeze, rPois Will+}
   (You found it on level 2 of the Dungeon)

   rPois:     It protects you from poison Will+: It increases your willpower.
Armour
 b - a +0 scale mail (worn)
 c - a +0 buckler (worn)
 i - a +0 pair of boots (worn)
 o - a +0 cloak (worn)
Jewellery
 e - a ring of see invisible (left hand)
 j - a ring of positive energy
 l - a ring of flight (right hand)
 r - a ring of poison resistance
Wands
 s - a wand of paralysis (13)
 u - a wand of flame (26)
Potions
 f - 2 potions of enlightenment
 g - 2 potions of resistance
 h - a potion of heal wounds
 k - a potion of curing {unknown}
 p - 2 potions of degeneration
 q - a potion of berserk rage {unknown}
 v - a potion of attraction {unknown}


   Skills:
 + Level 4.8 Fighting
 + Level 5.3 Axes
 + Level 4.9 Armour
 + Level 0.8 Dodging
 + Level 0.1 Stealth
 + Level 4.2 Shields


You had 4 spell levels left.
You didn't know any spells.
Your spell library contained the following spells:

 Spells                   Type           Power      Damage    Failure   Level
 Hailstorm                Conj/Ice       0%         3d5       99%         3
 Summon Ice Beast         Ice/Summ       0%         N/A       99%         3
 Sculpt Simulacrum        Ice/Alch       0%         N/A       100%        6


Dungeon Overview and Level Annotations

Branches:
Dungeon (4/15)
 Temple: D:4-7

Altars:
Dithmenos
Sif Muna
Vehumet
The Shining One

Shops:
D:1 (

Annotations:
D:4 DarkeVoid's ghost, weakling TrBe; Gadfly's ghost, amateur GrFi


Innate Abilities, Weirdness & Mutations

You have a pair of horns on your head.
You reflexively headbutt those who attack you in melee.


Message History

You slash the goblin!
You kill the goblin!
You see here a +0 club.
Found a scroll labelled KUVAEM EFESTRU.
Found 13 gold pieces and a leather armour.
You feel very mighty all of a sudden.
You reach down and open the gate.
You hit Gadfly's ghost.
Gadfly's ghost is lightly damaged.
You closely miss DarkeVoid's ghost. Gadfly's ghost hits you!
You block DarkeVoid's ghost's attack.
You slash Gadfly's ghost! You headbutt Gadfly's ghost.
Gadfly's ghost is heavily damaged.
You hit DarkeVoid's ghost. DarkeVoid's ghost barely misses you.
Gadfly's ghost hits you! x2; DarkeVoid's ghost hits you.
You hit Gadfly's ghost but do no damage.
Your headbutt misses Gadfly's ghost.
Gadfly's ghost is heavily damaged.
You closely miss DarkeVoid's ghost. You block Gadfly's ghost's attack.
DarkeVoid's ghost misses you. You furiously retaliate!
You headbutt DarkeVoid's ghost! You barely miss Gadfly's ghost.
Gadfly's ghost is heavily damaged.
You barely miss DarkeVoid's ghost. Gadfly's ghost hits you!
* * * LOW HITPOINT WARNING * * *
DarkeVoid's ghost hits you but does no damage.
Unknown command.
You hit Gadfly's ghost. You headbutt Gadfly's ghost.
Gadfly's ghost is severely damaged.
You closely miss DarkeVoid's ghost.
Gadfly's ghost hits you but does no damage.
DarkeVoid's ghost hits you but does no damage.
DarkeVoid's ghost closely misses you. Gadfly's ghost hits you.
* * * LOW HITPOINT WARNING * * *
You hit Gadfly's ghost.
Gadfly's ghost is severely damaged.
You barely miss DarkeVoid's ghost.
Gadfly's ghost hits you but does no damage.
DarkeVoid's ghost hits you.
You die...

#..............
##[♣⌠♣$##.............
##8.....8##........#..#
#?........#........#..#
#♣.......♣#........#..#
#⌠.....(.⌠#'########..#
♣.......♣#............
.#####'WW####.#.#........
........@.....#.#........
..............#######....
.....#..#................
................#####....
.....####..)..#.# ...###
..... #.....#.# .## ....
.........#.. # #.##
###.....[# ## . ##
######## .


You could see DarkeVoid's ghost and Gadfly's ghost.

Vanquished Creatures
  A scorpion (D:4)
  A hound (D:4)
  A bombardier beetle (D:3)
  Crazy Yiuf (D:2)
  4 adders
  3 dart slugs
  A ribbon worm (D:2)
  An orc (D:4)
  4 ball pythons
  6 endoplasms
  6 goblins
  6 hobgoblins
  10 jackals
  2 quokkas
  3 bats
  2 frilled lizards (D:2)
  8 kobolds
  8 rats
68 creatures vanquished.

Notes
Turn   | Place    | Note
-------+----------+-------------------------------------------
     0 | D:1      | Silvore the Minotaur Fighter began the quest for the Orb.
     0 | D:1      | Reached XP level 1. HP: 19/19 MP: 0/0
    15 | D:1      | Found Licw's Antique Weapon Boutique.
    82 | D:1      | Reached XP level 2. HP: 27/27 MP: 1/1
   563 | D:1      | Reached skill level 3 in Axes
   565 | D:1      | Reached XP level 3. HP: 31/33 MP: 2/2
   871 | D:2      | Found a runed translucent door.
   872 | D:2      | Noticed Crazy Yiuf
   910 | D:2      | Identified the +2 short sword "Enotyt" {freeze, rPois
                  | Will+}
   956 | D:2      | Killed Crazy Yiuf
   957 | D:2      | Reached skill level 4 in Axes
   957 | D:2      | Reached XP level 4. HP: 35/41 MP: 1/3
  1566 | D:3      | Found a shadowy altar of Dithmenos.
  1899 | D:3      | Found a radiant altar of Vehumet.
  1901 | D:3      | Reached XP level 5. HP: 47/47 MP: 4/4
  2098 | D:3      | Found a glowing golden altar of the Shining One.
  2144 | D:3      | Became a worshipper of the Shining One
  2525 | D:4      | Found a shimmering blue altar of Sif Muna.
  2586 | D:4      | Reached skill level 5 in Axes
  2704 | D:4      | Found a runed translucent gate.
  2704 | D:4      | Found a runed translucent gate.
  2704 | D:4      | Found a runed translucent gate.
  2705 | D:4      | Noticed Gadfly's ghost (amateur GrFi)
  2705 | D:4      | Noticed DarkeVoid's ghost (weakling TrBe)
  2727 | D:4      | Slain by DarkeVoid's ghost

Illustrated notes

Levels and vault maps discovered:
D:1:      reono_arrival_forest_river, layout_basic, serial_shops,
          nicolae_shop_tiny_waterfront
D:2:      minmay_diamond_boxcup, layout_basic, uniq_crazy_yiuf_cottage
D:3:      layout_loops_ring, tso_oasis_becter, mainiacjoe_overflow_brackets,
          nicolae_vehumet_altar_sigil
D:4:      layout_basic, lemuel_coloured_pillars_altar,
          mainiacjoe_overflow_swirl, serial_shops, nicolae_shop_behind_doors,
          gammafunk_ghost_cemetery

Skill      XL: |  1  2  3  4  5 |
---------------+----------------+-----
Fighting       | 4 |  4.8
Armour         | 4 |  4.9
Shields        | 4 |  4.2
Axes           | 3 4 5 |  5.3
Dodging        | |  0.8
Stealth        | |  0.1

Action                     |  1- 3 |  4- 6 || total
---------------------------+-------+-------++-------
  Melee: War axe           |    68 |    93 ||   161
         Headbutt          |    10 |     9 ||    19
    Use: Scroll            |     3 |     4 ||     7
         Potion            |       |     1 ||     1
 Armour: Scale mail        |    50 |    64 ||   114
  Dodge: Dodged            |    41 |    37 ||    78
  Block: Buckler           |    23 |    14 ||    37
